 Dungeon Crawl Stone Soup version 0.11.3 (console) character file.

217 Lightli the Magician (level 4, 0/25 HPs)
             Began as a Deep Elf Stalker on July 4, 2022.
             Slain by an orc
             ... wielding a +0,+0 orcish mace
              (5 damage)
             ... on Level 3 of the Dungeon.
             The game lasted 00:05:00 (2552 turns).

Lightli the Magician (Deep Elf Stalker)             Turns: 2552, Time: 00:05:00

HP   0/25        AC  5     Str  7      XL: 4   Next: 25%
MP  13/13        EV 13     Int 18      God:
Gold 133         SH  0     Dex 16      Spells:  2 memorised, 10 levels left

Res.Fire  : . . .   See Invis. : .   a - +3,+2 elf dagger {=f}
Res.Cold  : . . .   Warding    : .   b - +0 elf robe
Life Prot.: + . .   Conserve   : .   (no shield)
Res.Poison: .       Res.Corr.  : .   p - +0 helmet
Res.Elec. : .       Clarity    : .   c - +0 elf cloak
Sust.Abil.: . .     Spirit.Shd : .   (no gloves)
Res.Mut.  : .       Stasis     : .   k - +0 pair of boots
Res.Rott. : .       Ctrl.Telep.: .   (no amulet)
Saprovore : . . .   Levitation : .   (no ring) Ctrl.Flight: .
                                     i - ring of life protection

@: slightly resistant to hostile enchantments, stealthy
A: no striking features
a: no special abilities


You were on level 3 of the Dungeon.
You were not hungry.

You visited 1 branch of the dungeon, and saw 3 of its levels.

You collected 113 gold pieces.

Inventory:

Hand weapons
 a - a +3,+2 elven dagger (weapon) {=f}
 h - a +1,+1 orcish dagger of draining (quivered)
Armour
 b - a +0 elven robe (worn)
 c - a +0 elven cloak (worn)
 k - a +0 pair of boots (worn)
 p - a +0 helmet (worn)
Comestibles
 f - 3 bread rations
 t - a chunk of quokka flesh
 u - a meat ration
Scrolls
 q - a scroll of teleportation {unknown}
Jewellery
 i - a ring of life protection (left hand)
Potions
 e - 8 potions of confusion
 g - 3 potions of resistance
 j - a potion of restore abilities
 l - 2 potions of brilliance
 m - a potion of poison
 n - a potion of magic {unknown}
 o - 2 potions of heal wounds {unknown}
 r - a potion of slowing {unknown}
 s - a potion of curing {unknown}
Books
 d - a book of Stalking

   Spells                             Type                      Level
   *Fulsome Distillation              Transmutation/Necromancy     1
   *Evaporate                         Fire/Transmutation           2
   Passwall                           Transmutation/Earth          3
   Petrify                            Transmutation/Earth          4
   Dig                                Transmutation/Earth          4


   Skills:
 - Level 0.7 Fighting
 - Level 1.0 Short Blades
 - Level 2.4 Dodging
 - Level 2.4 Stealth
 - Level 2.1 Stabbing
 + Level 5.3 Spellcasting
 - Level 2.1 Transmutations


You had 10 spell levels left.
You knew the following spells:

 Your Spells              Type           Power        Failure   Level  Hunger
a - Fulsome Distillation  Trmt/Necr      N/A          12%         1    None
b - Evaporate             Fire/Trmt      ##.....      14%         2    None


Dungeon Overview and Level Annotations

Branches:
Dungeon (3/27)

Altars:


Message History

You hit the orc.
The orc is heavily wounded.
You hit the orc.
The orc is severely wounded.
You hit the orc.
You kill the orc!
The orc closely misses you.
You hit the orc.
You kill the orc!
The orc wizard gestures at you while chanting.
The magic dart hits you!
Things that are here:
an orcish mace; an orcish hand axe; an orcish leather armour The orc wizard casts a spell at you.
The magic dart hits you!
The orc wizard points at you and mumbles some strange words.
The magic dart hits you!
* * * LOW HITPOINT WARNING * * *
The orc hits you with an orcish mace.
You die...

.####.###.#..............
........##.#.#..##.#......
.......##.#.#..##.#.###.#
......##.#.#..##.#......
.#########....................
..............................
#.########..###.#.##.##.#..###.
#.########..###.#.##.##.#..###.
.........)..)).@o...............
#.##....##..###o#.##.##.#..###.
#.....#..# #.#.##.##.#..# #.
#.....#..###.#.#.....#..###.
#.(...#..##..........##.....
+..(......#..#.#............
#.....#...#..#.#.....######.
#########................##.....
##.........#.....................


You could see an orc wizard and an orc.

Vanquished Creatures
  2 adders (D:2)
  2 worms
  An ooze (D:1)
  3 orcs (D:3)
  6 bats
  3 giant cockroaches
  5 goblins
  10 hobgoblins
  4 jackals (D:1)
  A quokka (D:3)
  A ball python (D:1)
  4 giant newts
  4 kobolds
  4 rats
50 creatures vanquished.

Vanquished Creatures (others)
  A goblin (D:1)
  A plant (D:1)
2 creatures vanquished.

Grand Total: 52 creatures vanquished

Notes
Turn   | Place    | Note
--------------------------------------------------------------
     0 | D:1      | Lightli, the Deep Elf Stalker, began the quest for the Orb.
     0 | D:1      | Reached XP level 1. HP: 12/12 MP: 2/2
   312 | D:1      | Reached XP level 2. HP: 13/16 MP: 5/5
   394 | D:1      | Reached skill level 3 in Spellcasting
   423 | D:1      | Learned a level 2 spell: Evaporate
  1335 | D:2      | Reached skill level 4 in Spellcasting
  1335 | D:2      | Reached XP level 3. HP: 20/20 MP: 4/9
  2244 | D:3      | Reached skill level 5 in Spellcasting
  2289 | D:3      | Reached XP level 4. HP: 25/25 MP: 13/13
  2552 | D:3      | Slain by an orc
